 Dungeon Crawl Stone Soup version 0.25-a0-41-g6cf4ce537d (webtiles) character file.

Game seed: 12855900617068346166, levelgen mode: deterministic

35705 Monsterracer the Fighter (level 13, -8/104 HPs)
             Began as a Gnoll Wanderer on Oct 21, 2019.
             Was the Champion of Ashenzari.
             Engulfed by an ice statue's freezing vapour (19 damage)
             ... in an ice cave.
             The game lasted 00:48:24 (27909 turns).

Monsterracer the Fighter (Gnoll Wanderer)          Turns: 27909, Time: 00:48:25

Health: -8/104     AC: 10    Str: 21    XL:     13   Next: 85%
Magic:  23/25      EV: 21    Int: 19    God:    Ashenzari [******]
Gold:   173        SH:  9    Dex: 16    Spells: 18/29 levels left

rFire    + + .     SeeInvis +   a - +4 morningstar (drain) (curse)
rCold    . . .     Gourm    .   U - +2 buckler {rF+} (curse)
rNeg     + . .     Faith    .   q - +2 robe {MR+} (curse)
rPois    .         Spirit   .   o - +2 helmet (curse)
rElec    .         Reflect  .   A - +0 cloak
rCorr    .         Harm     .   i - +0 pair of gloves (curse)
MR       +....     Clarity  +   (no boots)
Stlth    +++++.....             P - macabre finger necklace {rN+} (curse)
HPRegen  0.27/turn              F - ring of protection from fire (curse)
MPRegen  0.19/turn              x - +3 ring of intelligence (curse)
                                D - +4 ring of strength (curse)

@: no status effects
A: distributed training, fangs 1, strong nose
a: Curse Item, Scrying, Renounce Religion


You were in an ice cave.
You worshipped Ashenzari.
Ashenzari was exalted by your worship.
You were not hungry.

You visited 3 branches of the dungeon, and saw 17 of its levels.
You also visited: Ice Cave.

You collected 1495 gold pieces.
You spent 1322 gold pieces at shops.

Inventory:

Hand Weapons
 a - a cursed +4 morningstar of draining (weapon)
   (You took it off a gargoyle on level 12 of the Dungeon)
Missiles
 b - 83 poisoned darts (quivered)
 w - 6 curare-tipped darts
 O - a throwing net {!f}
Armour
 i - a cursed +0 pair of gloves (worn)
   (You found it on level 1 of the Dungeon)
 l - the cursed -1 pair of gloves of Resourcefulness {rF++}
   (You found it on level 1 of the Lair of Beasts)

   It greatly protects you from fire.
   It has a curse placed upon it.
 o - a cursed +2 helmet (worn)
   (You took it off Robin on level 1 of the Dungeon)
 q - a cursed +2 robe of magic resistance (worn)
   (You took it off Sigmund on level 2 of the Dungeon)
 A - a +0 cloak (worn)
   (You took it off Crazy Yiuf on level 7 of the Dungeon)
 M - a +2 chain mail of magic resistance
   (You took it off an orc warrior on level 10 of the Dungeon)
 U - a cursed +2 buckler of fire resistance (worn)
   (You bought it in a shop on level 2 of the Orcish Mines)
Magical Staves
 H - an uncursed staff of conjuration {!a}
   (You found it on level 9 of the Dungeon)
Jewellery
 x - a cursed +3 ring of intelligence (right hand)
   (You bought it in a shop on level 6 of the Dungeon)
 D - a cursed +4 ring of strength (on amulet)
   (You bought it in a shop on level 6 of the Dungeon)
 F - a cursed ring of protection from fire (left hand)
   (You found it on level 5 of the Dungeon)
 P - the cursed macabre finger necklace (around neck) {rN+}
   (You bought it in a shop on level 6 of the Dungeon)

   [amulet of nothing]

   It protects you from negative energy.
   It has a curse placed upon it.
Wands
 B - a wand of digging (16)
   (You found it on level 4 of the Dungeon)
 G - a wand of polymorph (9)
   (You found it on level 7 of the Dungeon)
 K - a wand of paralysis (17)
   (You found it on level 10 of the Dungeon)
 Q - a wand of flame (15)
   (You found it on level 1 of the Lair of Beasts)
 S - a wand of acid (9)
   (You found it on level 9 of the Dungeon)
 V - a wand of iceblast (10)
   (You found it in an ice cave)
 W - a wand of disintegration (14)
   (You found it in an ice cave)
 Z - a wand of clouds (3)
   (You found it in an ice cave)
Scrolls
 f - a scroll of brand weapon
 m - 2 scrolls of magic mapping
 r - 2 scrolls of remove curse
 t - 3 scrolls of teleportation {!r}
 y - a scroll of fog
 C - a scroll of random uselessness {unknown}
 E - a scroll of enchant weapon {unknown}
 I - a scroll of amnesia {unknown}
 J - a scroll of summoning {unknown}
 L - a scroll of silence {unknown}
 N - a scroll of vulnerability {unknown}
 R - a scroll of fear {unknown}
 X - 3 scrolls of blinking
Potions
 d - 2 potions of heal wounds
 e - 7 potions of curing
 g - 3 potions of lignification
 h - 3 potions of haste
 j - 8 potions of flight
 k - 2 potions of resistance
 n - a potion of might {unknown}
 p - a potion of cancellation {unknown}
 s - 2 potions of mutation {unknown}
 u - 2 potions of ambrosia {!q}
 v - 4 potions of agility {unknown}
 z - 6 potions of brilliance
Miscellaneous
 T - a sack of spiders
Comestibles
 c - 33 rations
 Y - 12 chunks of flesh


   Skills:
 + Level 10.6 Fighting
 + Level 9.7 Short Blades
 + Level 8.5 Long Blades
 + Level 8.5 Axes
 + Level 8.5(12.9) Maces & Flails
 + Level 8.5 Polearms
 + Level 8.5 Staves
 + Level 8.5 Slings
 + Level 8.5 Bows
 + Level 8.5 Crossbows
 + Level 8.5 Throwing
 + Level 8.5 Armour
 + Level 8.5(11.5) Dodging
 + Level 8.5(11.5) Stealth
 + Level 9.0(11.9) Shields
 + Level 8.5 Unarmed Combat
 + Level 8.5 Spellcasting
 + Level 7.1(11.6) Conjurations
 + Level 7.1(11.6) Hexes
 + Level 7.1(11.6) Charms
 + Level 7.1(11.6) Summonings
 + Level 7.1(11.6) Necromancy
 + Level 7.1(11.6) Translocations
 + Level 7.1(11.6) Transmutations
 + Level 7.1(11.6) Fire Magic
 + Level 7.1(11.6) Ice Magic
 + Level 7.1(11.6) Air Magic
 + Level 9.0(13.4) Earth Magic
 + Level 7.1(11.6) Poison Magic
 + Level 9.3 Invocations
 + Level 9.0(13.3) Evocations


You had 18 spell levels left.
You knew the following spells:

 Your Spells              Type           Power        Failure   Level  Hunger
a - Sandblast             Erth           ######       1%          1    None
b - Vampiric Draining     Necr           ######....   1%          3    None
c - Stone Arrow           Conj/Erth      ######       1%          3    None
j - Regeneration          Chrm/Necr      ######....   1%          3    None
z - Apportation           Tloc           ######       1%          1    None

Your spell library contained the following spells:

 Spells                   Type           Power        Failure   Level  Hunger
 Animate Skeleton         Necr           N/A          1%          1    None
 Confusing Touch          Hex            ######       1%          1    None
 Pain                     Necr           ####         1%          1    None
 Summon Small Mammal      Summ           ####         1%          1    None
 Animate Dead             Necr           N/A          1%          4    ###....


Dungeon Overview and Level Annotations

Branches:
Dungeon (12/15)            Temple (0/1) D:7            Lair (3/6) D:11
    Orc (2/2) D:10            Elf (0/3) Orc:2         IceCv (1/1)
  Swamp: Lair:2-4    Shoals: Lair:2-4     Snake: Lair:2-4    Spider: Lair:2-4

Altars:
Ashenzari
Dithmenos
Elyvilon
Fedhas
Gozag
Nemelex Xobeh
Okawaru
Ru
Sif Muna
Trog
Vehumet
Xom
Yredelemnul
Beogh

Shops:
D:6 =   D:9 [   D:12 !   Orc:2 *=(*[

Annotations:
D:12 3 runed translucent doors, Ritaif's ghost, journeyman DgEE
Lair:1 exclusion: oklob plant IceCv exclusion: ice statue


Innate Abilities, Weirdness & Mutations

Your experience applies equally to all skills.
You have very sharp teeth.
Your uncanny sense of smell can sniff out nearby items.


Message History

The wolf is moderately wounded.
The wolf barely misses you. The wolf bites you.
You barely miss the wolf. You bite the wolf.
The wolf is moderately wounded.
You block the wolf's attack.
You miss the wolf.
The wolf is moderately wounded.
You block the wolf's attack.
The wolf stops to sniff the ground.
You puncture the wolf!
The wolf is almost dead.
The wolf completely misses you. The wolf barely misses you.
You sock the wolf!
You kill the wolf!
You hit the wolf. You drain the wolf.
The wolf is severely wounded.
The wolf closely misses you. You block the wolf's attack.
You hit the wolf. You drain the wolf.
You kill the wolf!
No target in view!
No target in view!
You start resting.
A wolf comes into view.
What are your orders? t - Bark!
Orders for allies: a - Attack new target. r - Retreat! s - Stop attacking. g - Guard the area. f - Follow me.
Anything else - Cancel.
You bark for attention!
The wolf howls!
The wolf bites you.
You completely miss the wolf. You block the wolf's attack.
You miss the wolf. You block the wolf's attack.
The wolf bites you but does no damage.
You sock the wolf! You drain the wolf.
The wolf is severely wounded.
The wolf closely misses you. x2
You puncture the wolf!
You kill the wolf!
Your base Shields skill increases to level 9!
Your base Evocations skill increases to level 9!
No target in view!
No target in view!
What are your orders? t - Bark!
Orders for allies: a - Attack new target. r - Retreat! s - Stop attacking. g - Guard the area. f - Follow me.
Anything else - Cancel.
You bark for attention!
What are your orders? t - Bark!
Orders for allies: a - Attack new target. r - Retreat! s - Stop attacking. g - Guard the area. f - Follow me.
Anything else - Cancel.
You bark for attention!
What are your orders? t - Bark!
Orders for allies: a - Attack new target. r - Retreat! s - Stop attacking. g - Guard the area. f - Follow me.
Anything else - Cancel.
You bark for attention!
You hear a howl!
Really walk into a travel-excluded area? [Y]es or [N]o only, please.
Really walk into a travel-excluded area?
Items here: †††† a wolf corpse x4
The ice statue gestures at you. The freezing blast misses you.
You are engulfed in freezing vapours.
You are engulfed in freezing vapours.
The ice statue gestures.
Casting: Stone Arrow (safe; 1% risk of failure)
Confirm with . or Enter, or press ? or * to list all spells.
Aiming: Stone Arrow (safe; 1% risk of failure)
Press: ? - help, Shift-Dir - straight line, f - ice statue
Aim: an ice statue The stone arrow hits the ice statue!!
The ice statue is moderately damaged.
You are engulfed in freezing vapours.
The ice statue gestures.
The ice statue gestures at you. The freezing blast engulfs you!
* * * LOW HITPOINT WARNING * * *
You are engulfed in freezing vapours.
* * * LOW HITPOINT WARNING * * *
Items here: †††† a wolf corpse x4
Unknown command.
You are engulfed in freezing vapours.
* * * LOW HITPOINT WARNING * * *
Unknown command.
Okay, then.
You feel much better.
You are engulfed in freezing vapours.
* * * LOW HITPOINT WARNING * * *
Unknown command.
You are engulfed in freezing vapours.
You die...

* ≈ ** * *, , {* * ≈≈ *
≈≈ ≈≈* * , {, * ≈ ≈ * *
*≈ ≈*# * , * * * ≈ *≈ *≈
*##.,, ** * * ≈ ≈#### *#
####.. * ≈* ###..######
#..Y.{# * ≈
###..#...#... #..8..## *
#..#####...## **
#..☼Y##########..#*
####.# *∆* *
#○☼○##○@.##...#..#∆∆*##)
* ###○Y○##...#######*∆∆
## * ########## ** #


You could see an ice beast.

Vanquished Creatures
  An ettin (Orc:2)
  2 hydras (D:11 Lair:1)
  2 two-headed ogres (D:10 D:12)
  An orc high priest (Orc:1)
  Sonja (Lair:3)
  Pikel (D:5)
  3 cyclopes (D:11 D:10 Orc:1)
  4 orc sorcerers (Orc:2)
  An ugly thing (D:11)
  3 spiny frogs (Lair:1 Lair:2)
  2 black mambas (Lair:2 Lair:3)
  A gargoyle (D:12)
  3 komodo dragons (Lair:1 Lair:2)
  2 ice devils (Lair:3)
  3 trolls (D:6 D:11 Orc:1)
  9 polar bears (IceCv)
  2 hornets (D:9 D:12)
  9 hippogriffs (D:8 D:9 D:10 D:11 Lair:2)
  7 blink frogs (Lair:2)
  6 slime creatures (D:12)
  Sigmund (D:2)
  A shadow (D:11)
  32 yaks (D:11 D:10 D:12 IceCv)
  2 wyverns (D:12 Lair:1)
  2 basilisks (D:11)
  Eustachio (D:4)
  A hungry ghost (D:8)
  2 wargs (D:10 Orc:1)
  7 water moccasins (D:7 Lair:1 Lair:2)
  3 porcupines (Lair:2)
  3 sky beasts (D:8 D:10 D:12)
  16 orc warriors (D:6 D:8 D:10 Orc:1 Orc:2)
  3 ice beasts (D:8 D:11 D:12)
  A slave (D:5)
  A black bear (D:10)
  12 ogres (D:4 D:5 D:6 D:8 D:9)
  An eye of draining (D:10)
  12 centaurs (D:7 D:8 D:9 D:11 D:12)
  A phantom (D:11)
  10 wolves (IceCv)
  5 crocodiles (D:12 Lair:1 Lair:2)
  A big kobold (D:10)
  8 bullfrogs (D:11 Lair:1 Lair:2)
  A water moccasin skeleton (D:4)
  3 scorpions (D:6 D:10 D:11)
  12 killer bees (D:9 D:12)
  10 wights (D:7 D:10)
  A bullfrog zombie (D:12)
  2 centaur zombies (D:7 D:12)
  4 crimson imps (D:6 D:7 D:8 D:10)
  2 centaur skeletons (D:10 D:11)
  8 jellies (D:6 D:8 D:10 D:12)
  19 orc priests (D:5 D:10 D:12 Orc:2)
  A gnoll shaman (D:6)
  5 hounds (D:4 D:6 D:10 D:11 D:12)
  Crazy Yiuf (D:7)
  Jessica (D:2)
  4 iguanas (D:7 D:9 D:11)
  32 orc wizards (D:3 D:6 D:8 D:10 D:11)
  10 worker ants (D:4 D:5 D:6 D:8 D:11)
  Robin (D:1)
  7 gnolls (D:1 D:6 D:7)
  10 adders (D:2 D:3 D:4 D:9 D:12)
  2 shadow imps (D:7 D:9)
  6 oozes (D:3 D:8)
  A worm (D:3)
  2 dart slugs (D:1 D:3)
  7 leopard geckos (D:3 D:5 D:6 D:7 D:8)
  76 orcs (D:3 D:5 D:6 D:7 D:8)
  3 giant cockroaches (D:3 D:5 D:6)
  15 hobgoblins (D:1 D:2 D:3)
  7 kobolds (D:1 D:2 D:3 D:10)
  3 quokkas (D:6 D:10)
  A ball python (D:4)
  A ball python skeleton (D:4)
  12 bats (D:1 D:2 D:3)
  6 frilled lizards (D:1 D:3 D:5)
  15 goblins (D:1 D:2 D:3)
  A jackal skeleton (D:5)
  A leopard gecko skeleton (D:7)
  2 quokka skeletons (D:2 D:7)
  4 rats (D:1 D:2)
  A fungus (D:7)
489 creatures vanquished.

Vanquished Creatures (others)
  A swamp drake (D:10)
  A jelly (D:5)
2 creatures vanquished.

Grand Total: 491 creatures vanquished

Notes
Turn   | Place    | Note
-------+----------+-------------------------------------------
     0 | D:1      | Monsterracer the Gnoll Wanderer began the quest for the
                  | Orb.
     0 | D:1      | Monsterracer set off with the following items: a +2 short
                  | sword, a ration, a +0 robe, a potion of curing; and the
                  | following spell memorised: Sandblast; and the following
                  | spells available to memorise: Stone Arrow
     0 | D:1      | Reached XP level 1. HP: 23/23 MP: 2/2
   181 | D:1      | Reached XP level 2. HP: 29/29 MP: 3/3
   440 | D:1      | Found a shattered altar of Ashenzari.
   445 | D:1      | Reached XP level 3. HP: 32/35 MP: 4/4
   484 | D:1      | Became a worshipper of Ashenzari the Shackled
   994 | D:2      | Found an opulent altar of Gozag.
  1029 | D:2      | Noticed Robin
  1056 | D:1      | HP: 17/35 [poisoned by a goblin]
  1061 | D:1      | HP: 15/35 [poisoned by a goblin]
  1066 | D:1      | HP: 12/35 [poisoned by a goblin]
  1071 | D:1      | HP: 11/35 [poisoned by a goblin]
  1078 | D:1      | HP: 10/35 [poisoned by a goblin]
  1086 | D:1      | HP: 9/35 [poisoned by a goblin]
  1350 | D:2      | Noticed Sigmund
  1485 | D:1      | Reached skill level 1 in Invocations
  1865 | D:2      | Found an iron altar of Okawaru.
  1866 | D:2      | Noticed Jessica
  1873 | D:2      | Killed Jessica
  1873 | D:2      | Reached skill level 1 in Long Blades
  1873 | D:2      | Reached skill level 1 in Axes
  1873 | D:2      | Reached skill level 1 in Maces & Flails
  1873 | D:2      | Reached skill level 1 in Polearms
  1873 | D:2      | Reached skill level 1 in Staves
  1873 | D:2      | Reached skill level 1 in Slings
  1873 | D:2      | Reached skill level 1 in Bows
  1873 | D:2      | Reached skill level 1 in Crossbows
  1873 | D:2      | Reached skill level 1 in Throwing
  1873 | D:2      | Reached skill level 1 in Armour
  1873 | D:2      | Reached skill level 1 in Dodging
  1873 | D:2      | Reached skill level 1 in Stealth
  1873 | D:2      | Reached skill level 1 in Unarmed Combat
  1873 | D:2      | Reached skill level 1 in Spellcasting
  1873 | D:2      | Reached XP level 4. HP: 39/41 MP: 4/6
  1983 | D:2      | Reached skill level 1 in Conjurations
  1983 | D:2      | Reached skill level 1 in Hexes
  1983 | D:2      | Reached skill level 1 in Charms
  1983 | D:2      | Reached skill level 1 in Summonings
  1983 | D:2      | Reached skill level 1 in Necromancy
  1983 | D:2      | Reached skill level 1 in Translocations
  1983 | D:2      | Reached skill level 1 in Transmutations
  1983 | D:2      | Reached skill level 1 in Fire Magic
  1983 | D:2      | Reached skill level 1 in Ice Magic
  1983 | D:2      | Reached skill level 1 in Air Magic
  1983 | D:2      | Reached skill level 1 in Poison Magic
  2023 | D:2      | HP: 20/41 [poisoned by a goblin]
  2031 | D:2      | HP: 19/41 [poisoned by a goblin]
  2241 | D:1      | Killed Robin
  2360 | D:2      | Killed Sigmund
  2360 | D:2      | Reached XP level 5. HP: 29/47 MP: 7/7
  2360 | D:2      | Reached XP level 6. HP: 33/53 MP: 8/8
  2365 | D:2      | Learned a level 3 spell: Stone Arrow
  2633 | D:2      | Found a shimmering blue altar of Sif Muna.
  2650 | D:2      | Found a radiant altar of Vehumet.
  2656 | D:2      | Found a bloodstained altar of Trog.
  2658 | D:2      | Found a shattered altar of Ashenzari.
  2899 | D:3      | Reached skill level 5 in Short Blades
  3411 | D:3      | Reached * piety under Ashenzari
  3742 | D:4      | Reached XP level 7. HP: 34/59 MP: 6/10
  3962 | D:4      | Found a sacrificial altar of Ru.
  3973 | D:4      | Noticed Eustachio
  3994 | D:4      | HP: 27/59 [worker ant (6)]
  3998 | D:4      | Reached skill level 7 in Fighting
  4031 | D:4      | HP: 28/60 [Eustachio/+0 rapier (4)]
  4035 | D:4      | Killed Eustachio
  4419 | D:4      | Found a shadowy altar of Dithmenos.
  4426 | D:4      | Found a blossoming altar of Fedhas.
  4594 | D:5      | Entered Level 5 of the Dungeon
  4738 | D:5      | Noticed Pikel
  4763 | D:5      | HP: 30/60 [Pikel/+1 whip of flaming (1)]
  4771 | D:5      | HP: 24/60 [slave[Pikel] (3)]
  4772 | D:5      | Killed Pikel
  4772 | D:5      | Reached XP level 8. HP: 27/67 MP: 12/12
  5307 | D:5      | Found a basalt altar of Yredelemnul.
  5395 | D:5      | Reached ** piety under Ashenzari
  5514 | D:5      | HP: 31/67 [ogre/cursed -3 giant club (28)]
  5930 | D:6      | Found a white marble altar of Elyvilon.
  6003 | D:6      | Found a white marble altar of Elyvilon.
  6351 | D:6      | Reached XP level 9. HP: 46/72 MP: 0/14
  6533 | D:6      | Found Gidohu's Jewellery Emporium.
  6549 | D:6      | HP: 35/72 [gnoll/+2 spear of pain (9)]
  6555 | D:6      | HP: 35/72 [gnoll (1)]
  6753 | D:6      | Bought a +3 ring of intelligence for 188 gold pieces
  7265 | D:6      | Noticed a troll
  7280 | D:6      | HP: 34/73 [troll (11)]
  7281 | D:6      | HP: 10/73 [troll (14)]
  7290 | D:6      | Killed a troll
  7654 | D:7      | Reached skill level 5 in Shields
  7654 | D:7      | Reached skill level 5 in Evocations
  7733 | D:7      | Found a staircase to the Ecumenical Temple.
  7844 | D:7      | Found an iron altar of Okawaru.
  8439 | D:7      | HP: 31/74 [centaur/arrow (14)]
  8441 | D:7      | HP: 13/74 [centaur/arrow (8)]
  8442 | D:7      | HP: 5/74 [centaur/arrow (8)]
  8936 | D:7      | Reached skill level 8 in Fighting
  9243 | D:7      | Reached skill level 5 in Invocations
  9244 | D:7      | HP: 36/74 [centaur/arrow (11)]
  9800 | D:7      | Found a runed translucent door.
  9801 | D:7      | Noticed Crazy Yiuf
  9807 | D:7      | Killed Crazy Yiuf
  9920 | D:8      | HP: 31/74 [orc warrior/+0 flail (10)]
 10158 | D:8      | Reached XP level 10. HP: 74/80 MP: 7/17
 10585 | D:8      | Reached *** piety under Ashenzari
 10604 | D:8      | Reached skill level 5 in Long Blades
 10604 | D:8      | Reached skill level 5 in Axes
 10604 | D:8      | Reached skill level 5 in Maces & Flails
 10604 | D:8      | Reached skill level 5 in Polearms
 10604 | D:8      | Reached skill level 5 in Staves
 10604 | D:8      | Reached skill level 5 in Slings
 10604 | D:8      | Reached skill level 5 in Bows
 10604 | D:8      | Reached skill level 5 in Crossbows
 10604 | D:8      | Reached skill level 5 in Throwing
 10604 | D:8      | Reached skill level 5 in Armour
 10604 | D:8      | Reached skill level 5 in Dodging
 10604 | D:8      | Reached skill level 5 in Stealth
 10604 | D:8      | Reached skill level 5 in Unarmed Combat
 10604 | D:8      | Reached skill level 5 in Spellcasting
 10638 | D:8      | HP: 38/81 [centaur (7)]
 10655 | D:8      | HP: 38/81 [sky beast (1)]
 10910 | D:8      | Found a sparkling altar of Nemelex Xobeh.
 12064 | D:9      | Found a shimmering altar of Xom.
 12064 | D:9      | Found a shimmering altar of Xom.
 12067 | D:9      | Found a shimmering altar of Xom.
 12068 | D:9      | Found a shimmering altar of Xom.
 12070 | D:9      | Found a shimmering altar of Xom.
 12354 | D:9      | Found Deasch's Armour Emporium.
 12624 | D:10     | Entered Level 10 of the Dungeon
 12631 | D:10     | Found a sparkling altar of Nemelex Xobeh.
 12642 | D:10     | Noticed a two-headed ogre
 12647 | D:10     | Killed a two-headed ogre
 12687 | D:10     | Reached XP level 11. HP: 78/87 MP: 19/19
 12768 | D:10     | Reached **** piety under Ashenzari
 12904 | D:10     | HP: 43/87 [hippogriff (2)]
 13157 | D:10     | Identified the +5 hand axe "Mic Few" {freeze, Str+7 Int+2}
 13540 | D:10     | Found a staircase to the Orcish Mines.
 14168 | Orc:1    | Entered Level 1 of the Orcish Mines
 14214 | Orc:1    | Noticed a cyclops
 14243 | D:10     | Reached skill level 9 in Fighting
 14573 | D:6      | Bought the macabre finger necklace {rN+} for 480 gold
                  | pieces
 14573 | D:6      | Found the macabre finger necklace {rN+}
 14759 | D:11     | Noticed a cyclops
 14767 | D:11     | Killed a cyclops
 14767 | D:11     | Reached skill level 5 in Conjurations
 14767 | D:11     | Reached skill level 5 in Hexes
 14767 | D:11     | Reached skill level 5 in Charms
 14767 | D:11     | Reached skill level 5 in Summonings
 14767 | D:11     | Reached skill level 5 in Necromancy
 14767 | D:11     | Reached skill level 5 in Translocations
 14767 | D:11     | Reached skill level 5 in Transmutations
 14767 | D:11     | Reached skill level 5 in Fire Magic
 14767 | D:11     | Reached skill level 5 in Ice Magic
 14767 | D:11     | Reached skill level 5 in Air Magic
 14767 | D:11     | Reached skill level 5 in Poison Magic
 14993 | D:11     | Found a staircase to the Lair.
 15009 | D:11     | Noticed an eight-headed hydra
 15183 | D:11     | HP: 42/89 [eight-headed hydra (6)]
 15184 | D:11     | HP: 20/89 [eight-headed hydra (4)]
 15185 | D:11     | Killed an eight-headed hydra
 15491 | D:11     | Noticed a cyclops
 15632 | D:11     | HP: 38/89 [yak (11)]
 15842 | D:11     | HP: 29/89 [cyclops (27)]
 15844 | D:10     | HP: 6/89 [cyclops (24)]
 15920 | D:10     | Killed a cyclops
 16337 | D:11     | HP: 37/89 [centaur/arrow (11)]
 16343 | D:11     | HP: 14/89 [centaur/arrow (9)]
 16343 | D:11     | HP: 4/89 [centaur/arrow (10)]
 16420 | D:11     | Noticed a green ugly thing
 17433 | D:12     | Found a runed translucent gate.
 17433 | D:12     | Found a runed translucent gate.
 17433 | D:12     | Found a runed translucent gate.
 17436 | D:12     | Found an opulent altar of Gozag.
 17436 | D:12     | Noticed an ogre mage
 17438 | D:12     | Noticed Ritaif's ghost (journeyman DgEE)
 17438 | D:12     | Noticed a storm dragon
 17462 | D:12     | Noticed a deep troll
 17462 | D:12     | an eye of devastation changed into a deep troll
 17464 | D:12     | a deep troll changed into a redback
 17581 | D:12     | Reached ***** piety under Ashenzari
 17588 | D:12     | Noticed a two-headed ogre
 17622 | D:12     | Killed a two-headed ogre
 17622 | D:12     | Reached XP level 12. HP: 78/96 MP: 15/22
 17822 | D:11     | HP: 45/96 [centaur (8)]
 17827 | D:11     | HP: 28/96 [centaur (9)]
 17832 | D:12     | HP: 28/96 [centaur (1)]
 18116 | D:12     | Found Kamouw's Distillery.
 18170 | D:12     | HP: 47/96 [killer bee (7)]
 18177 | D:12     | HP: 44/96 [poisoned by a killer bee]
 18182 | D:12     | HP: 33/96 [poisoned by a killer bee]
 18187 | D:12     | HP: 32/96 [poisoned by a killer bee]
 18192 | D:12     | HP: 31/96 [poisoned by a killer bee]
 18199 | D:12     | HP: 31/96 [poisoned by a killer bee]
 18207 | D:12     | HP: 31/96 [poisoned by a killer bee]
 18966 | D:12     | HP: 20/96 [large slime creature (36)]
 18996 | D:12     | HP: 10/96 [slime creature (18)]
 20885 | Orc:1    | Found a roughly hewn altar of Beogh.
 21193 | D:6      | Bought a +4 ring of strength for 324 gold pieces
 21366 | Orc:2    | Entered Level 2 of the Orcish Mines
 21366 | Orc:2    | Found Keggod's General Store.
 21475 | Orc:1    | HP: 36/97 [warg (14)]
 21482 | Orc:1    | HP: 32/97 [orc wizard/magic dart (6)]
 21493 | D:10     | HP: 18/97 [warg (13)]
 22345 | Orc:2    | Noticed an orc high priest
 22373 | Orc:1    | Killed an orc high priest
 22487 | Orc:2    | Reached skill level 10 in Fighting
 22490 | Orc:2    | Noticed an ettin
 22650 | Orc:2    | Found a staircase to the Elven Halls.
 22762 | Orc:2    | Killed an ettin
 23039 | Orc:2    | Reached XP level 13. HP: 103/103 MP: 8/24
 23380 | Orc:2    | Bought 3 scrolls of remove curse for 135 gold pieces
 23565 | Orc:2    | Found Kiufopn's Jewellery Emporium.
 23565 | Orc:2    | Found Wusuinu's Antique Armour Shoppe.
 23565 | Orc:2    | Found Uhewatel's Antique Weapon Emporium.
 23568 | Orc:2    | Found Obloll Tohe's General Store.
 23899 | Orc:2    | Bought a shiny buckler for 195 gold pieces
 24029 | Lair:1   | Entered Level 1 of the Lair of Beasts
 24226 | Lair:1   | Identified the cursed -1 pair of gloves of Resourcefulness
                  | {rF++}
 25530 | Lair:2   | Learned a level 3 spell: Regeneration
 26372 | Lair:2   | Reached ****** piety under Ashenzari
 26832 | Lair:3   | Learned a level 1 spell: Apportation
 26850 | Lair:3   | Noticed Sonja
 26854 | Lair:3   | Killed Sonja
 26889 | Lair:3   | Found a frozen archway.
 27044 | IceCv    | Entered an ice cave
 27184 | IceCv    | Learned a level 3 spell: Vampiric Draining
 27905 | IceCv    | HP: 49/104 [ice statue/freezing blast (11)]
 27907 | IceCv    | HP: 13/104 [something] (17)]
 27909 | IceCv    | Engulfed by an ice statue's freezing vapour

Levels and vault maps discovered:
D:1:      onia_arrival_pyramid, layout_basic, grunt_decor_clamped,
          minmay_misc_feat_alley, ashenzari_altar_1
D:2:      layout_rooms, old_standard_altar, led_sif_pool, minitemple,
          first_ration, okawaru_gym_becter, uniq_sigmund, uniq_jessica,
          uniq_robin
D:3:      layout_loops_ring
D:4:      layout_basic, kennysheep_mini, grunt_temple_overflow_open,
          uniq_eustachio
D:5:      layout_cave_pods, marbit_many_paths, uniq_pikel
D:6:      layout_basic, lemuel_coloured_pillars_altar, serial_shops,
          shop_fountains, basic_altar
D:7:      nicolae_whirlpool, layout_rooms, overflow_temple_1_default,
          minmay_temple_entry_waves, uniq_crazy_yiuf_cottage
D:8:      layout_basic, nemelex_altar_shiori, serial_curves, eino_curves_01,
          eino_curves_03, hangedman_little_slice_of_home
D:9:      layout_loops_corners, serial_shops, kennysheep_little_box,
          xom_redecorated
D:10:     layout_irregular_city, erik_orc_1, basic_altar
D:11:     layout_cave_pods, david_lair_generic, minmay_misc_feat_chi,
          chequers_decorated_corner
D:12:     layout_basic, serial_shops, shop_statue, ebering_ghost_gozag
Lair:1:   layout_hall_layers, minmay_lair_oklob_chamber
Lair:2:   layout_cave_pods
Lair:3:   layout_cave_pods, skrybe_swamp_entry_bodies,
          portal_ice_cave_demonic_guard, beast_lair_carwin_6, uniq_sonja
Orc:1:    layout_caves, basic_altar
Orc:2:    st_orc_mages, layout_caves, serial_shops, shop
IceCv:    ice_cave_caverns_01

Skill      XL: |  1  2  3  4  5  6  7  8  9 10 11 12 13 |
---------------+----------------------------------------+-----
Invocations    | 1 2 3 4 5 6 7 8 9 |  9.3
Long Blades    | 1 2 3 4 5 6 7 8 |  8.5
Axes           | 1 2 3 4 5 6 7 8 |  8.5
Maces & Flails | 1 2 3 4 5 6 7 8 |  8.5
Polearms       | 1 2 3 4 5 6 7 8 |  8.5
Staves         | 1 2 3 4 5 6 7 8 |  8.5
Slings         | 1 2 3 4 5 6 7 8 |  8.5
Bows           | 1 2 3 4 5 6 7 8 |  8.5
Crossbows      | 1 2 3 4 5 6 7 8 |  8.5
Throwing       | 1 2 3 4 5 6 7 8 |  8.5
Armour         | 1 2 3 4 5 6 7 8 |  8.5
Dodging        | 1 2 3 4 5 6 7 8 |  8.5
Stealth        | 1 2 3 4 5 6 7 8 |  8.5
Unarmed Combat | 1 2 3 4 5 6 7 8 |  8.5
Spellcasting   | 1 2 3 4 5 6 7 8 |  8.5
Conjurations   | 1 2 3 4 5 6 7 |  7.1
Hexes          | 1 2 3 4 5 6 7 |  7.1
Charms         | 1 2 3 4 5 6 7 |  7.1
Summonings     | 1 2 3 4 5 6 7 |  7.1
Necromancy     | 1 2 3 4 5 6 7 |  7.1
Translocations | 1 2 3 4 5 6 7 |  7.1
Transmutations | 1 2 3 4 5 6 7 |  7.1
Fire Magic     | 1 2 3 4 5 6 7 |  7.1
Ice Magic      | 1 2 3 4 5 6 7 |  7.1
Air Magic      | 1 2 3 4 5 6 7 |  7.1
Poison Magic   | 1 2 3 4 5 6 7 |  7.1
Shields        | 3 4 5 6 7 8 9 |  9.0
Evocations     | 3 4 5 6 7 8 9 |  9.0
Short Blades   | 5 6 7 8 9 |  9.7
Fighting       | 7 8 9 10 | 10.6
Earth Magic    | 6 7 8 9 |  9.0

Action                   |  1- 3 |  4- 6 |  7- 9 | 10-12 | 13-15 || total
-------------------------+-------+-------+-------+-------+-------++-------
Melee: Short sword       |    61 |       |       |       |       ||    61
       Bite              |     9 |    12 |    68 |   112 |    32 ||   233
       Dagger            |    29 |   131 |   410 |   754 |       ||  1324
       Punch             |     1 |     2 |    11 |    40 |       ||    54
       Morningstar       |       |       |       |       |   249 ||   249
Throw: Dart              |       |       |     4 |    20 |     3 ||    27
 Cast: Stone Arrow       |       |       |    65 |   206 |   108 ||   379
       Vampiric Draining |       |       |       |       |     9 ||     9
       Regeneration      |       |       |       |       |     1 ||     1
Invok: Curse Item        |     1 |     1 |     2 |     4 |     2 ||    10
Evoke: Wand              |       |       |       |     2 |       ||     2
  Use: Scroll            |     2 |       |     4 |     4 |     9 ||    19
       Potion            |       |       |       |       |     1 ||     1
 Stab: Sleeping          |     1 |     4 |     4 |    36 |     6 ||    51
       Confused          |       |       |       |     2 |       ||     2
       Distracted        |       |       |       |     1 |     2 ||     3
  Eat: Chunk             |     3 |     6 |    18 |    43 |    12 ||    82
       Ration            |       |       |     2 |     1 |     1 ||     4
Armor: Scale mail        |    34 |     8 |       |       |       ||    42
       Chain mail        |    31 |     6 |       |       |       ||    37
       Robe              |       |    11 |    49 |    95 |    31 ||   186
Dodge: Dodged            |    60 |    67 |   260 |   542 |   168 ||  1097
Block: Buckler           |       |       |       |       |   132 ||   132

Table legend:
 A = Non-vault XP
 B = Vault XP
 C = Vault XP percentage of total XP
 D = Non-vault monster count
 E = Vault monster count
 F = Vault count percentage of total count
                 A         B        C        D         E       F
            +---------+---------+-------+---------+---------+-------
      Total |   33881 |   17127 |  33.6 |     358 |     130 |  26.6
            +---------+---------+-------+---------+---------+-------
        D:1 |      51 |      21 |  29.2 |      23 |       5 |  17.9
        D:2 |      37 |     282 |  88.4 |      11 |       9 |  45.0
        D:3 |     119 |       0 |   0.0 |      27 |       0 |   0.0
        D:4 |     369 |     191 |  34.1 |      10 |       1 |   9.1
        D:5 |     386 |     670 |  63.4 |      15 |       2 |  11.8
        D:6 |    1117 |       0 |   0.0 |      30 |       0 |   0.0
        D:7 |     807 |     363 |  31.0 |      22 |       4 |  15.4
        D:8 |    1784 |     163 |   8.4 |      20 |       8 |  28.6
        D:9 |    1705 |       0 |   0.0 |      17 |       0 |   0.0
       D:10 |    3719 |     620 |  14.3 |      28 |      18 |  39.1
       D:11 |    4942 |     852 |  14.7 |      29 |       4 |  12.1
       D:12 |    6337 |       0 |   0.0 |      51 |       0 |   0.0
     Lair:1 |    3772 |       0 |   0.0 |      17 |       0 |   0.0
     Lair:2 |    4864 |       0 |   0.0 |      21 |       0 |   0.0
     Lair:3 |     460 |    1509 |  76.6 |       1 |       3 |  75.0
      Orc:1 |    1522 |    1118 |  42.3 |      16 |       7 |  30.4
      Orc:2 |    1890 |    3587 |  65.5 |      20 |      31 |  60.8
      IceCv |       0 |    7751 | 100.0 |       0 |      38 | 100.0
            +---------+---------+-------+---------+---------+-------
